 Dungeon Crawl Stone Soup version 0.28.0-45-g0d030f2227 (webtiles) character file.

Game seed: 7776720941961832510

14 101zpm the Covered (level 2, 0/19 HPs)
             Began as a Gargoyle Fighter on Apr 10, 2022.
             Slain by a kobold
             ... wielding a +0 short sword
              (4 damage)
             ... on level 1 of the Dungeon.
             The game lasted 00:01:32 (673 turns).

101zpm the Covered (Gargoyle Fighter)                Turns: 673, Time: 00:01:33

Health: 0/19       AC:  9    Str: 19    XL:     2   Next: 41%
Magic:  2/2        EV:  9    Int:  8    God:
Gold:   19         SH:  4    Dex:  9    Spells: 1/1 levels left

rFire   . . .      SeeInvis .   a - +0 flail
rCold   . . .      Faith    .   c - +0 buckler
rNeg    + . .      Spirit   .   b - +0 scale mail
rPois   ∞          Reflect  .   (no helmet)
rElec   +          Harm     .   (no cloak)
rCorr   .          Rampage  .   (no gloves)
Will    .....                   (no boots)
Stlth   ..........              (no amulet)
HPRegen 0.06/turn               (no ring)
MPRegen 0.08/turn               (no ring)

@: no status effects
A: sickness immunity, AC +2, negative energy resistance 1, electricity
resistance, torment resistance 1, petrification resistance
a: no special abilities


You were on level 1 of the Dungeon.
You visited 1 branch of the dungeon, and saw 1 of its levels.

You collected 19 gold pieces.

Inventory:

Hand Weapons
 a - a +0 flail (weapon)
 g - a +0 hand axe
Missiles
 e - 18 stones (quivered)
 f - 3 javelins
Armour
 b - a +0 scale mail (worn)
 c - a +0 buckler (worn)
Scrolls
 h - a scroll of identify {unknown}
 j - a scroll of enchant armour {unknown}
Potions
 d - 2 potions of might
 i - a potion of curing {unknown}


   Skills:
 + Level 3.4 Fighting
 + Level 2.2 Maces & Flails
 + Level 3.7 Armour
 + Level 3.4 Shields


You had one spell level left.
You didn't know any spells.
Your spell library was empty.

Dungeon Overview and Level Annotations

Branches:
Dungeon (1/15)

Altars:


Innate Abilities, Weirdness & Mutations

You are immune to sickness and miasma.
Your stone body is resilient. (AC +2)
You are immune to poison.
You resist negative energy. (rN+)
You are resistant to electric shocks. (rElec)
You are resistant to unholy torment.
You are immune to petrification.


Message History

The kobold hits you with a +0 short sword.
The dart slug barely misses you. The rat closely misses you.
The endoplasm barely misses you.
Found a stone staircase leading down.
The kobold hits you with a +0 short sword.
The endoplasm freezes you.
You are frozen.
The dart slug closely misses you.
A hobgoblin comes into view.
The hobgoblin shouts!
The kobold throws a stone.
The stone hits you but does no damage.
An endoplasm comes into view.
The rat completely misses you. The rat bites you.
You hit the endoplasm.
The endoplasm is heavily wounded.
The endoplasm closely misses you.
You sock the endoplasm!
You kill the endoplasm!
You closely miss the rat. You block the rat's attack.
You closely miss the rat.
A bat comes into view.
You block the rat's attack. The rat bites you but does no damage.
You closely miss the rat. The rat barely misses you.
You barely miss the rat. The rat bites you but does no damage.
You hit the rat.
The rat is severely wounded.
The rat bites you but does no damage. The rat barely misses you.
You closely miss the rat.
The rat is moderately wounded.
The rat closely misses you.
You hit the rat.
You kill the rat!
You thump the dart slug!
You kill the dart slug!
The bat hits you but does no damage.
The kobold hits you with a +0 short sword.
* * * LOW HITPOINT WARNING * * *
You closely miss the kobold.
The kobold hits you with a +0 short sword.
You die...

..........
#........ #
.#..#..#.#####.#
...............##
#......#†..>.....
....#.....#
........#.#
.>.......b#######
.........gK@†...#
J.........#####.#
..........# #.#
..........# #.#
......#.#.# #.#
........#.# #.#
#........# #.#
#.#####.# #.# #.#


You could see a hobgoblin, a bat and a kobold.

Vanquished Creatures
  A dart slug (D:1)
  2 endoplasms (D:1)
  A giant cockroach (D:1)
  2 quokkas (D:1)
  A frilled lizard (D:1)
  5 rats (D:1)
12 creatures vanquished.

Notes
Turn   | Place    | Note
-------+----------+-------------------------------------------
     0 | D:1      | 101zpm the Gargoyle Fighter began the quest for the Orb.
     0 | D:1      | Reached XP level 1. HP: 14/14 MP: 1/1
   628 | D:1      | Reached XP level 2. HP: 19/19 MP: 2/2
   673 | D:1      | Slain by a kobold

Illustrated notes

Levels and vault maps discovered:
D:1:      dpeg_arrival_circle_labyrinth_a, layout_basic,
          hellmonk_ecumenical_altar_watching_god, eino_curves_03,
          minmay_tromino_v4_b

Action                   || total
-------------------------++-------
Melee: Flail             ||    42
Armor: Scale mail        ||    21
Dodge: Dodged            ||    24
Block: Buckler           ||    10
